[Event "*** Titled Tuesday Blitz"]
[Site "Chess.com"]
[Date "2021.02.09"]
[Round "8"]
[White "Firouzja2003"]
[Black "Misi_95"]
[Result "1-0"]
[WhiteElo "3020"]
[BlackElo "2681"]
[TimeControl "180+1"]
[EndTime "11:30:23 PST"]
[Termination "Firouzja2003 won by resignation"]

1. d4 Nf6 2. Nf3 g6 3. Nbd2 Bg7 4. e4 O-O 5. c3 d6 6. Bd3 e5 7. O-O Nc6 8. h3 Re8 9. Re1 Nd7 10. Nb3 a5 11.
Bg5 Bf6 12. Be3 a4 13. Nbd2 a3 14. b3 exd4 15. cxd4 Nb4 16. Bf1 c6 17. Bf4 Nb6 18.
Nb1 c5 19. Nc3 Nc6 20. Nb5 cxd4 21. Nxd6 Re6 22. e5 Rxd6 23. exd6 Nd5 24. Bg3 Nc3 25.
Qd2 Bf5 26. Bd3 Be6 27. Ne5 Nxe5 28. Bxe5 Bxe5 29. Rxe5 Qxd6 30. Rae1 Rd8 31. h4 Nd5 32. h5 Qb4 33. Qh6 Qf8 34. Qd2 Qb4 35. Qd1 Nf4 36. hxg6 hxg6 37. Qf3 Qd2 38. Rd1 Qxa2 39. Qxf4 Qxb3 40.
Ree1 a2 41. Qf6 Ra8 42. Qxd4 Qd5 43. Qf6 Qc6 44. Bxg6 Bb3 45. Rd8+ Rxd8 46. Qxd8+ Kg7 47. Be4 Qc3 48. Qg5+ Kf8 49. Qc1 Qxc1 50. Rxc1 b5 51. Ra1 b4 52. Bb1 axb1=Q+ 53. Rxb1 Be6 54. Rxb4 Ke7 55.
f3 Kf6 56. Kf2 Kg5 57. Kg3 Kf5 58. Rb5+ Kf6 59. Kf4 Kg6 60. Rb6 Kf6 61. g4 Ke7 62. g5 Bd5 63. Rf6 Kf8 64. Ke5 Bb3 65. f4 Kg7 66. f5 Bc2 67. Rb6 Bd3 68. Rb4 Bc2 69. Rb7 Bd3 70. Rb8 Bc4 71. f6+ Kg6 72. Rg8+ Kh5 73.
Rg7 Bb3 74. Kd6 Kg4 75. Ke7 Kf5 76. Rxf7 Kxg5 77. Rg7+ Kh6 78. Rg3 1-0

[Event "*** Titled Tuesday Blitz"]
[Site "Chess.com"]
[Date "2021.02.09"]
[Round "8"]
[White "karinachess1"]
[Black "Murad_Ibrahimli"]
[Result "1-0"]
[WhiteElo "2543"]
[BlackElo "2710"]
[TimeControl "180+1"]
[EndTime "11:30:23 PST"]
[Termination "karinachess1 won by resignation"]

1. d4 g6 2. Nf3 Bg7 3. g3 d6 4. Bg2 Nf6 5. O-O O-O 6. b3 c5 7. Bb2 cxd4 8. Nxd4 Re8 9. c4 a6 10. Nc3 Ra7 11. Qd2 b6 12. Rac1 Bb7 13. e4 Nbd7 14. Rfe1 e6 15. Nc2 Nc5 16. Nb4 Qa8 17. f3 Rd8 18. Rcd1 Rd7 19. Nd3 Nxd3 20. Qxd3 Bc6 21. a4 Rac7 22. Qe3 Qb7 23. Ba3 Ne8 24. Nd5 Bxd5 25. exd5 e5 26. f4 f5 27. fxe5 Bxe5 28. Qd3 Re7 29. Bf3 Kg7 30. Kg2 h5 31. Re2 Rcd7 32.
Rde1 Qc7 33. Qd2 Nf6 34. Bb2 Bxb2 35. Qxb2 Rxe2+ 36. Rxe2 Re7 37. Rxe7+ Qxe7 38. Qd4 Qd8 39. b4 Kf7 40. c5 bxc5 41. bxc5 dxc5 42. Qxc5 Ne8 43. Qc6 Nd6 44. Qxa6 Qe7 45. Qe2 Qf6 46. Qc2 Qe5 47. Qe2 Qf6 48. a5 h4 49. a6 hxg3 50.
hxg3 Qd8 51. Qe6+ Kg7 52. a7 Nf7 53. Qc6 Qa5 54. a8=Q Qd2+ 55. Kg1 Qe1+ 56. Kg2 Qd2+ 57. Kf1 Qd3+ 58. Be2 Qxg3 59. Qaa4 Qf4+ 60. Qxf4 1-0

[Event "*** Titled Tuesday Blitz"]
[Site "Chess.com"]
[Date "2021.02.09"]
[Round "8"]
[White "GM_Huschenbeth"]
[Black "superchess02"]
[Result "0-1"]
[WhiteElo "2605"]
[BlackElo "2792"]
[TimeControl "180+1"]
[EndTime "11:30:23 PST"]
[Termination "superchess02 won on time"]

1. e4 c5 2. Nf3 d6 3. d4 cxd4 4. Nxd4 Nf6 5. Nc3 a6 6. Bg5 e6 7.
f4 Qc7 8. Bxf6 gxf6 9. a3 b5 10. Qh5 Qc5 11. Qd1 Bb7 12. Qd2 Nd7 13. O-O-O h5 14.
Kb1 Rc8 15. Be2 b4 16. Nb3 Qb6 17. Na4 Qc6 18. Qxb4 d5 19. Nd4 Bxb4 20. Nxc6 Bxc6 21. axb4 Bxa4 22. b3 Bb5 23. Bxb5 axb5 24. exd5 Ke7 25. Rhe1 e5 26. fxe5 fxe5 27. Kb2 Rh6 28. Re4 f5 29. Rh4 e4 30. Rf1 Rf8 31. c4 Ne5 32. Kc3 Ng6 33.
Rh3 f4 34. Kd4 e3 35. Rhf3 Rh7 36. g3 Rhf7 37. gxf4 e2 38. Re3+ Kd7 39. Rxe2 Nxf4 40. Ref2 Ne2+ 41. Ke3 Re7+ 42. Kd3 Nc1+ 43. Kc2 Re2+ 44.
Rxe2 Rxf1 45. Rg2 Na2 46. Rg7+ Ke8 47. Kd3 Nxb4+ 48. Kd4 Rf3 49. Kc5 Rxb3 50. Rh7 Nd3+ 51. Kd4 b4 52. Rxh5 Ne1 53. Rh8+ Kf7 54. c5 Nc2+ 55.
Kc4 Rc3+ 56. Kb5 b3 57. Rb8 b2 58. Kc6 Nd4+ 0-1

[Event "*** Titled Tuesday Blitz"]
[Site "Chess.com"]
[Date "2021.02.09"]
[Round "8"]
[White "bocah_sakit"]
[Black "GMBenjaminBok"]
[Result "0-1"]
[WhiteElo "2841"]
[BlackElo "3002"]
[TimeControl "180+1"]
[EndTime "11:30:24 PST"]
[Termination "GMBenjaminBok won on time"]

1. e4 c5 2. Nf3 d6 3. d4 cxd4 4. Nxd4 Nf6 5. Nc3 a6 6. Bg5 Nbd7 7.
f4 Qc7 8. Qf3 b5 9. O-O-O Bb7 10.
Bd3 g6 11. Rhe1 Bg7 12. Nb3 Rc8 13. Kb1 Nb6 14. a3 O-O 15. Qh3 Na4 16. Nxa4 bxa4 17. Nd2 h5 18. Qe3 Ng4 19. Qe2 Qb6 20. e5 dxe5 21.
Nc4 Rxc4 22. Bxc4 exf4 23. c3 Ne3 24. Bxf4 Nxd1 25. Rxd1 e6 26. Ka1 Qc6 27. g3 Qb6 28. Rd6 Qg1+ 29. Ka2 Qc5 30. Rd7 Ba8 31. Bd6 Qc6 32.
Bxf8 Qxd7 33. Bxg7 Kxg7 34. Bxa6 Bd5+ 35. Bc4 Qb5 36. Qe5+ Kg8 37. Bxd5 exd5 38. Kb1 Qd3+ 39. Kc1 Qf1+ 40. Kd2 Qb1 41. Qe8+ Kg7 42. Qe5+ Kh7 43. Qxd5 Qxb2+ 44. Kd3 Kg7 45. Qd4+ Kg8 46. Qxa4 Qxh2 47.
Qa8+ Kg7 48. Qf3 Qa2 49. Qa8 Qf2 50. Qb8 Qf5+ 51. Kd2 g5 52. a4 h4 53. gxh4 gxh4 54.
Qc7 h3 55. a5 Qf2+ 56. Kd3 h2 57. Qe5+ Kg6 58. Qd6+ f6 59. Qd5 Qf5+ 60. Qxf5+ Kxf5 61. Kc4 h1=Q 62. Kb4 Qc6 63. c4 Ke5 0-1

[Event "*** Titled Tuesday Blitz"]
[Site "Chess.com"]
[Date "2021.02.09"]
[Round "8"]
[White "Kretov_Evgenij"]
[Black "SaraciNderim"]
[Result "1-0"]
[WhiteElo "2518"]
[BlackElo "2768"]
[TimeControl "180+1"]
[EndTime "11:30:24 PST"]
[Termination "Kretov_Evgenij won on time"]

1. d4 d5 2. c4 c6 3. Nc3 Nf6 4. e3 g6 5. Nf3 Bg7 6. Be2 O-O 7. O-O Bg4 8. b3 Nbd7 9. Bb2 Re8 10. Rc1 a6 11. h3 Bxf3 12. Bxf3 dxc4 13. bxc4 e5 14. d5 e4 15. Be2 cxd5 16. cxd5 Nb6 17. Qb3 Rc8 18.
Rfd1 Nfd7 19. d6 Rc6 20. Ba3 Nc5 21. Qb4 Bf8 22. Nd5 Nd3 23. Bxd3 Bxd6 24. Qb3 Bxa3 25. Rxc6 bxc6 26. Nxb6 exd3 27. Rxd3 Qb8 28. Rd7 Be7 29.
a4 Qe5 30. Qc4 Qc5 31. Qxc5 Bxc5 32. Nc4 Rb8 33. g3 f6 34. Rc7 Rb4 35. Nd2 Rxa4 36.
Rxc6 Bb4 37. Ne4 a5 38. Nxf6+ Kg7 39. Nd5 Ra1+ 40. Kg2 Be1 41. Ra6 Ra2 42. Kf3 Rxf2+ 43. Ke4 Rg2 44. Ra7+ Kf8 45. g4 h5 46. Nf6 hxg4 47.
hxg4 Rc2 48. g5 Rc6 49. Kd5 Rb6 50. e4 Rb5+ 51. Kc6 Rc5+ 52. Kd6 Rc1 53. Ke6 Rc6+ 54.
Kd5 Rb6 55. Ra8+ Kf7 56. Ra7+ Kf8 57. e5 Rb5+ 58. Kd6 Bb4+ 59. Kc6 Rc5+ 60. Kb6 Rc4 61.
Ra8+ Kf7 62. Re8 1-0

[Event "*** Titled Tuesday Blitz"]
[Site "Chess.com"]
[Date "2021.02.09"]
[Round "8"]
[White "Grineva_Marianna"]
[Black "JoachimMouhamad"]
[Result "0-1"]
[WhiteElo "2216"]
[BlackElo "2387"]
[TimeControl "180+1"]
[EndTime "11:30:29 PST"]
[Termination "JoachimMouhamad won on time"]

1. e4 e5 2. Nf3 Nc6 3. Bb5 a6 4.
Ba4 Nf6 5. Qe2 b5 6. Bb3 Be7 7. c3 O-O 8. d3 Re8 9. Nbd2 d5 10. Nf1 Bf8 11. h3 d4 12. a3 a5 13. Ng3 g6 14.
O-O Be6 15. Bxe6 Rxe6 16. Ng5 Re8 17. f4 exf4 18. Bxf4 dxc3 19. bxc3 Bg7 20. d4 b4 21. axb4 axb4 22. Rxa8 Qxa8 23. d5 Nxd5 24. Qc4 h6 25. Nxf7 Na5 26. Qxd5 Qxd5 27. exd5 bxc3 28. Nxh6+ Kh7 29.
Nf7 Bd4+ 30. Kh1 Nb3 31. Ng5+ Kg8 32. Ne6 c2 33. Nxd4 Nxd4 34. Bxc7 Re3 35. Bf4 Rd3 36. d6 Rd1 37. d7 Ne6 38. Be5 Rxf1+ 39. Nxf1 c1=Q 40.
Kg1 Qd1 41. Bf6 Qxd7 42. Ng3 Qd3 43. Kh2 Kf7 44. Be5 Qd2 45. Bc7 Qa2 46. Be5 g5 47.
Nf5 Nf4 48. Bxf4 gxf4 49. Nh4 Kf6 50. Nf3 Kf5 51. h4 Qf2 52. h5 Kg4 53. h6 Qa7 54. Ne5+ Kg5 55. Nf3+ Kxh6 56. Kh3 Kg6 57. Kg4 Qa4 58.
Ne5+ Kf6 59. Nf3 Ke6 60. Ng5+ Ke5 61. Nf3+ Ke4 62. Ng5+ Ke3 63. Nf3 Qc2 64. Nh4 Qe2+ 0-1

[Event "*** Titled Tuesday Blitz"]
[Site "Chess.com"]
[Date "2021.02.09"]
[Round "8"]
[White "nrvisakh"]
[Black "MPGM"]
[Result "1/2-1/2"]
[WhiteElo "2758"]
[BlackElo "2625"]
[TimeControl "180+1"]
[EndTime "11:30:30 PST"]
[Termination "Game drawn by repetition"]

1. Nf3 d5 2. c4 e6 3. g3 Nf6 4.
Bg2 c5 5. cxd5 exd5 6. O-O Nc6 7. d4 Be7 8. Nc3 O-O 9. dxc5 Bxc5 10. Bg5 d4 11. Bxf6 Qxf6 12. Ne4 Qe7 13. Nxc5 Qxc5 14. Rc1 Qb6 15. Qd2 Bf5 16. Rfd1 Rad8 17. a3 a5 18. h4 h6 19. Ne1 Rfe8 20. Nd3 Bg4 21. Re1 Re7 22.
b4 axb4 23. axb4 Rde8 24. Bf3 Bf5 25. b5 Ne5 26. Nxe5 Rxe5 27. Red1 d3 28. exd3 Rxb5 29. Re1 Rd8 30. Be4 Bxe4 31. Rxe4 Rbd5 32. Rce1 Qb5 33. d4 Qd7 34. Qf4 Rf5 35. Qe3 Rd5 36.
Qf4 Rf5 37. Qg4 h5 38. Qe2 g6 39. Qe3 Rd5 40. Re7 Qf5 41. Rxb7 Rxd4 42. Re7 Rd3 43.
Qh6 Rd1 44. Qe3 Rxe1+ 45. Qxe1 Rd6 46. Re8+ Kg7 47. Qa1+ Rf6 48. Qe1 Rd6 49. Re3 Rf6 50. Re2 Qg4 51. Kg2 Qf3+ 52. Kg1 Rd6 53. Re3 Qd1 54.
Qxd1 Rxd1+ 55. Kg2 Rd6 56. Rf3 Rf6 57. Re3 Rf5 58. Rd3 Ra5 59. Re3 Rb5 60. Rf3 Ra5 61. Re3 Rb5 62. Rf3 Ra5 63. Re3 1/2-1/2

[Event "*** Titled Tuesday Blitz"]
[Site "Chess.com"]
[Date "2021.02.09"]
[Round "8"]
[White "VFernandezB"]
[Black "J36225"]
[Result "1/2-1/2"]
[WhiteElo "2333"]
[BlackElo "2473"]
[TimeControl "180+1"]
[EndTime "11:30:30 PST"]
[Termination "Game drawn by repetition"]

1. d4 Nf6 2. c4 e6 3. Nf3 d5 4. g3 dxc4 5. Bg2 a6 6. O-O Nc6 7. e3 Rb8 8. Nfd2 e5 9. Nxc4 exd4 10. Bxc6+ bxc6 11. Qxd4 Be6 12. b3 Qxd4 13. exd4 Be7 14.
Ne5 Bd5 15. Nc3 Bd6 16. Nxd5 cxd5 17. Nd3 Kd7 18. Bf4 Ne4 19. Rac1 Bxf4 20. Nxf4 c6 21.
Nd3 a5 22. f3 Nf6 23. Ne5+ Ke6 24. Rxc6+ Kf5 25. g4+ Kf4 26. Kf2 Rhc8 27. h4 Nxg4+ 28. fxg4 Rxc6 29. Nxc6 Rc8 30. Rc1 Ra8 31. g5 a4 32. b4 Ra6 33. b5 Rb6 34. Rc5 Ke4 35. Ke2 f5 36. gxf6 gxf6 37. Ne7 Kxd4 38. Rxd5+ Kc4 39.
Rh5 Re6+ 40. Kd2 Rxe7 41. Rf5 Rd7+ 42. Kc2 Rd6 43. h5 Rb6 44. h6 Rxb5 45. Rxf6 Rh5 46. Rf4+ Kb5 47. Rf6 Kb4 48. Rf4+ Ka3 49. Kb1 Rh1+ 50.
Kc2 Rxh6 51. Rf7 Rc6+ 52. Kd3 h6 53. Rf2 h5 54. Rh2 Rh6 55. Rh4 Rd6+ 56. Kc3 Rc6+ 57.
Kd3 Kxa2 58. Rxa4+ Kb3 59. Rh4 Rd6+ 60. Ke4 Re6+ 61.
Kf5 Ra6 62. Kg5 Ra5+ 63. Kg6 Ra6+ 64. Kg5 Ra5+ 65. Kg6 Ra6+ 66. Kg5 1/2-1/2

[Event "*** Titled Tuesday Blitz"]
[Site "Chess.com"]
[Date "2021.02.09"]
[Round "8"]
[White "ural58"]
[Black "RobertoJBM"]
[Result "0-1"]
[WhiteElo "2500"]
[BlackElo "2726"]
[TimeControl "180+1"]
[EndTime "11:30:32 PST"]
[Termination "RobertoJBM won by resignation"]

1. e4 c6 2. b3 d5 3. Qe2 dxe4 4. Nc3 Nf6 5. Nxe4 Nxe4 6. Qxe4 Qd5 7. Qe3 Bf5 8. Bb2 Nd7 9. O-O-O e6 10. Nf3 Qe4 11.
d3 Qxe3+ 12. fxe3 f6 13. h3 e5 14. d4 exd4 15. exd4 O-O-O 16. Bc4 Nb6 17. Be2 Bd6 18. Nh4 Be4 19. Bf3 Rhe8 20. Rhe1 Bf4+ 21. Kb1 Bxf3 22. Nxf3 Bg3 23. Rxe8 Rxe8 24. c4 Nd7 25. Kc2 g6 26. Kd3 f5 27. Bc1 Nf6 28. Bd2 Ne4 29. Be1 Bd6 30. c5 Bc7 31. b4 a6 32. a4 Nf6 33. Kc4 Nd5 34. Bf2 Bf4 35. g3 Re2 36. Be1 Bh6 37. Rd3 Kd7 38. Ne5+ Ke6 39. Bc3 Bg7 40.
Kb3 Bxe5 41. dxe5 Re3 42. Rxe3 Nxe3 43. b5 axb5 44. axb5 Nf1 45. Be1 Kxe5 46. Kb4 Kd5 47. Bf2 Nd2 48. Ka5 Nc4+ 49. Kb4 Ne5 50. Ka5 Nd7 51.
h4 Nxc5 52. Kb6 Nd7+ 53. Kxb7 cxb5 54. Kc7 Ne5 55. Kd8 b4 56. Be1 b3 57. Bc3 Nc4 58.
Ke7 b2 59. Bxb2 Nxb2 60. Kf6 Nd3 61. h5 Ne5 62. Kg7 gxh5 63. Kxh7 Ke4 64. Kh6 Kf3 65. Kg5 Kxg3 66. Kxf5 h4 0-1

[Event "*** Titled Tuesday Blitz"]
[Site "Chess.com"]
[Date "2021.02.09"]
[Round "8"]
[White "Volodar_Murzin"]
[Black "serhanberat_ozdemir"]
[Result "1-0"]
[WhiteElo "2625"]
[BlackElo "2490"]
[TimeControl "180+1"]
[EndTime "11:30:32 PST"]
[Termination "Volodar_Murzin won on time"]

1. e4 c5 2. Nf3 e6 3. g3 d5 4.
exd5 exd5 5. d4 Nf6 6. Bg2 Nc6 7.
O-O Be7 8. dxc5 O-O 9. Nc3 Bxc5 10.
Bg5 h6 11. Bf4 Bg4 12. h3 Be6 13. Ne5 Bd6 14. Re1 Nxe5 15. Bxe5 Bxe5 16. Rxe5 Qc7 17. Qd4 Rfd8 18. Rae1 a6 19. a3 Rac8 20. R5e3 Qc5 21.
Rd1 b5 22. g4 Qxd4 23. Rxd4 Rc4 24. Red3 Rdc8 25. f4 g6 26. Kf2 Ne4+ 27. Bxe4 dxe4 28. Rxc4 Rxc4 29. Rd8+ Kg7 30. Ke3 f5 31. gxf5 Bxf5 32. h4 a5 33. Rd4 Rc8 34. Rd2 b4 35. axb4 axb4 36. Nd5 Rb8 37. b3 Kf7 38. Rd4 Rc8 39. Nxb4 Rc3+ 40. Kd2 Rh3 41. Nd5 Rxh4 42. b4 Rh2+ 43.
Kc3 h5 44. b5 Rh1 45. b6 Rb1 46. Nb4 Bc8 47. Rd8 Ba6 48. Rd7+ Kf6 49. Rh7 Kf5 50. Nxa6 Kxf4 51. Nc5 Rxb6 52. Kd4 Rd6+ 53. Kc4 Rd1 54. Rf7+ Kg5 55. Nxe4+ Kh6 56. c3 Re1 57. Kd3 h4 58. c4 h3 59. Rf3 Rh1 60. Nf2 h2 61. Nxh1 g5 62. Rh3+ Kg6 63. Rxh2 g4 64. Rg2 1-0

[Event "*** Titled Tuesday Blitz"]
[Site "Chess.com"]
[Date "2021.02.09"]
[Round "8"]
[White "MVM2008"]
[Black "Chandradi"]
[Result "1/2-1/2"]
[WhiteElo "2130"]
[BlackElo "2326"]
[TimeControl "180+1"]
[EndTime "11:30:33 PST"]
[Termination "Game drawn - insufficient material"]

1. e4 c5 2. Nf3 g6 3. d4 cxd4 4.
c3 d3 5. Bxd3 Nc6 6. O-O Bg7 7.
Bf4 d6 8. Na3 Bg4 9. h3 Bxf3 10.
Qxf3 Nf6 11. Nc4 Nd7 12. Bxd6 O-O 13. Bf4 Nde5 14. Nxe5 Nxe5 15. Bxe5 Bxe5 16. Bc4 Qc7 17. Bb3 b5 18. Rad1 a5 19. Qg4 Rad8 20. Rxd8 Rxd8 21.
Rd1 Rxd1+ 22. Qxd1 b4 23. cxb4 axb4 24. Qd2 Bh2+ 25.
Kh1 Be5 26. g3 Bd6 27. Kg2 e6 28. f4 Qc5 29. Qf2 Qc6 30. Qf3 Qc1 31. Qe2 Bc5 32.
Kf3 Qh1+ 33. Qg2 Qc1 34. Qe2 Kg7 35. f5 exf5 36. exf5 Bd4 37. fxg6 hxg6 38. Qc4 Qh1+ 39. Kf4 Bxb2 40. Qxf7+ Kh6 41. Qf8+ Bg7 42. Qd8 Qc1+ 43.
Kf3 Qc3+ 44. Ke4 Bf6 45. Qd5 Qe1+ 46. Kd3 Qxg3+ 47. Kc4 Qc3+ 48. Kb5 Be7 49. Qc4 Qxh3 50. Qf4+ Bg5 51. Qf8+ Kh5 52. Qh8+ Bh6 53. Bd1+ Kg5 54. Qe5+ Kh4 55. Qf6+ Bg5 56. Qh8+ Kg3 57. Qxh3+ Kxh3 58. Kxb4 Bf6 59. a4 Bd4 60. Kc4 Ba7 61. Kd5 g5 62. Kc6 Kg3 63. a5 Kf2 64. Bg4 Kg3 65. Bf5 Kf4 66. Bh3 Kg3 67. Bf5 Kf4 68. Bc8 Bg1 69.
a6 g4 70. Bxg4 Kxg4 71. a7 Bxa7 1/2-1/2

[Event "*** Titled Tuesday Blitz"]
[Site "Chess.com"]
[Date "2021.02.09"]
[Round "8"]
[White "HouseOfDurin"]
[Black "MarceloPlaya"]
[Result "1-0"]
[WhiteElo "2120"]
[BlackElo "2268"]
[TimeControl "180+1"]
[EndTime "11:30:34 PST"]
[Termination "HouseOfDurin won on time"]

1. d4 e6 2. h4 c5 3. Bg5 f6 4.
Be3 cxd4 5. Bxd4 Nc6 6. Bc3 d5 7. e3 Bb4 8. a3 Bxc3+ 9. Nxc3 Nge7 10. Qh5+ g6 11. Qh6 Nf5 12. Qf4 O-O 13. O-O-O Qd6 14.
Qxd6 Nxd6 15. f3 Bd7 16. Nge2 Nf5 17. e4 Ne3 18. Rd3 Nxf1 19. Rxf1 Ne5 20. Rd4 Nc6 21. Rdd1 Rfe8 22. exd5 exd5 23. Nd4 Rad8 24. Nxd5 Nxd4 25.
Rxd4 Be6 26. Nxf6+ Kf7 27. Rxd8 Rxd8 28. Nxh7 Bf5 29. Ng5+ Kf6 30. Ne4+ Ke5 31. g4 Bc8 32. h5 gxh5 33. gxh5 Rh8 34. Rg1 Rxh5 35. Rg5+ Rxg5 36. Nxg5 Kf4 37. Nf7 b6 38. Nd6 Bd7 39. Kd2 Kxf3 40. Kd3 Kf4 41. Kd4 Kg5 42. Kd5 Kf6 43. c4 Ke7 44. Nb5 a5 45. Nc7 Kd8 46. Ne6+ Kc8 47. Nd4 Be8 48. Kd6 Kb7 49. b3 Bg6 50. b4 Bd3 51. c5 bxc5 52. bxc5 Be4 53. c6+ Kc8 54. Kc5 Bg2 55. Kb6 a4 56. Kb5 Kc7 57. Ne6+ Kd6 58. c7 Kd7 59. Kxa4 Bb7 60. Kb5 1-0

[Event "*** Titled Tuesday Blitz"]
[Site "Chess.com"]
[Date "2021.02.09"]
[Round "8"]
[White "Jospem"]
[Black "Sam_ChessMood"]
[Result "0-1"]
[WhiteElo "3018"]
[BlackElo "2860"]
[TimeControl "180+1"]
[EndTime "11:30:35 PST"]
[Termination "Sam_ChessMood won on time"]

1. e4 e5 2. Nf3 Nf6 3. Nxe5 d6 4. Nf3 Nxe4 5. Nc3 Nxc3 6. dxc3 Be7 7. Bf4 O-O 8. Qd2 Nc6 9. O-O-O Be6 10. Kb1 Qd7 11. Ng5 Bxg5 12. Bxg5 Rae8 13. f3 Ne5 14. h4 Bf5 15. h5 h6 16. Bf4 Bh7 17. Be2 f6 18.
g4 Kh8 19. Rhf1 Qc6 20. b3 a6 21. Be3 Nd7 22. Rfe1 Ne5 23. Rf1 Nd7 24. Bd4 Nc5 25. Rde1 b5 26. Ka1 Re6 27. Bd1 Rfe8 28. Rxe6 Nxe6 29.
Be3 a5 30. Re1 a4 31. Kb2 axb3 32. cxb3 Ng5 33. Bxg5 hxg5 34. Re3 Kg8 35. Be2 Kf8 36. Qd4 Rxe3 37. Qxe3 Bg8 38. Qd3 Bd5 39. Qg6 Qd7 40. h6 gxh6 41. Qxf6+ Qf7 42. Qxh6+ Qg7 43. Qxg7+ Kxg7 44. Kc2 Kf6 45. Kd3 Ke5 46. Ke3 c6 47. c4 bxc4 48.
Bxc4 Bxc4 49. bxc4 d5 50. Kd3 Ke6 51. a4 Kd6 52. cxd5 Kxd5 53. f4 gxf4 54. g5 c5 55. g6 c4+ 56. Ke2 Ke6 57. a5 c3 58.
g7 Kf7 59. a6 f3+ 60. Kxf3 c2 61. a7 c1=Q 62. a8=Q Qh1+ 63. Kf4 Qxa8 0-1

[Event "*** Titled Tuesday Blitz"]
[Site "Chess.com"]
[Date "2021.02.09"]
[Round "8"]
[White "Evachess2006"]
[Black "annacramling"]
[Result "0-1"]
[WhiteElo "1621"]
[BlackElo "2105"]
[TimeControl "180+1"]
[EndTime "11:30:42 PST"]
[Termination "annacramling won on time"]

1. e4 c5 2. c3 Nf6 3. e5 Nd5 4. d4 cxd4 5. Nf3 e6 6. cxd4 d6 7. Bc4 Nc6 8. Nc3 Nxc3 9. bxc3 dxe5 10. Nxe5 Nxe5 11. dxe5 Qxd1+ 12. Kxd1 Bd7 13. Bf4 Rc8 14. Bb3 Rxc3 15. Ke2 Bb5+ 16. Kd2 Bb4 17. a3 Ba5 18. Rhb1 Rxb3+ 19. Kc2 Rc3+ 20. Kd1 Ba4+ 21. Ke1 Rc4+ 22. Ke2 Rxf4 23. Rxb7 O-O 24. Rab1 Bb6 25. g3 Rxf2+ 26. Ke1 Bc6 27. R7xb6 axb6 28. Kxf2 b5 29. Rd1 Bd5 30. Rc1 Bc4 31. Rc3 Ra8 32. Ke3 Kf8 33. Kd4 Ke7 34. Kc5 Kd7 35. Rf3 Ke7 36. g4 Rd8 37.
Kb4 Rd5 38. Re3 f6 39. exf6+ gxf6 40. Rh3 Kd6 41. Rxh7 Rd4 42. Rf7 Bd3+ 43. Kc3 Rd5 44. Rxf6 Be2 45. Rf2 Bxg4 46. Rf4 Bf5 47. Kb4 Rd3 48.
Kxb5 Rxa3 49. Kc4 Rh3 50. Rd4+ Ke5 51. Rd2 Kf4 52. Rd1 e5 53. Rg1 e4 54. Rf1+ Ke5 55. Re1 Rxh2 56. Rf1 Rc2+ 57. Kb3 Rd2 58. Kc3 Rd3+ 59.
Kc2 Bg4 60. Re1 Rd4 61. Rf1 Bf3 62. Rf2 Kf4 63. Rf1 Rd3 64. Re1 Re3 65. Rf1 Re2+ 66. Kd1 Ke3 0-1

[Event "*** Titled Tuesday Blitz"]
[Site "Chess.com"]
[Date "2021.02.09"]
[Round "8"]
[White "canary2016"]
[Black "ri4mi"]
[Result "0-1"]
[WhiteElo "1976"]
[BlackElo "2332"]
[TimeControl "180+1"]
[EndTime "11:30:42 PST"]
[Termination "ri4mi won by checkmate"]

1. d4 d5 2. c4 c6 3. Nf3 e6 4. g3 dxc4 5. Bg2 b5 6. O-O Bb7 7. a4 Nd7 8. Qc2 a6 9. b3 cxb3 10. Qxb3 Ngf6 11. Ne5 Nxe5 12. dxe5 Nd7 13. f4 Bc5+ 14.
Kh1 O-O 15. Rd1 Qc7 16. Ba3 Rfd8 17. Nd2 Bxa3 18. Qxa3 Nb6 19. a5 Nd5 20. e4 Ne7 21. Nb3 h6 22. Nc5 Rac8 23. Rd3 Rxd3 24. Qxd3 Rd8 25.
Qc3 Bc8 26. Rc1 Qb8 27. Nb3 b4 28. Qc5 Rd7 29. Nd4 b3 30. Nxc6 Nxc6 31. Qxc6 Rd8 32. Rb1 Bd7 33. Qc4 Rc8 34. Qxa6 b2 35. Bf1 Rc1 36. Qd3 Qb5 37. Qxb5 Bxb5 38. Rxb2 Bxf1 39. h4 Bd3+ 40. Kg2 Bxe4+ 41. Kf2 Ra1 42. Rb5 Bd5 43.
Rc5 Kh7 44. g4 Ra2+ 45. Kg3 g5 46. hxg5 hxg5 47. fxg5 Kg6 48. Rc8 Kxg5 49. Rg8+ Kh6 50. Rh8+ Kg7 51. Rh5 Rxa5 52. Rg5+ Kf8 53. Rh5 Ra3+ 54.
Kf4 Ke7 55. Rh8 Ra4+ 56. Kg5 Bf3 57. Kh4 Bxg4 58. Kg5 Bf5 59. Rh4 Rxh4 60. Kxh4 Kd7 61. Kg5 Bg6 62. Kf6 Kc6 63. Ke7 Kd5 64. Kf6 Ke4 65. Ke7 Kxe5 66. Ke8 f5+ 67. Kf8 f4 68. Kg8 f3 69. Kg7 f2 70. Kxg6 f1=Q 71. Kg5 Qf5+ 72. Kh6 Qg4 73. Kh7 Kf6 74. Kh8 Qg7# 0-1

[Event "*** Titled Tuesday Blitz"]
[Site "Chess.com"]
[Date "2021.02.09"]
[Round "8"]
[White "CakeinSpace2002"]
[Black "Pertinhez76"]
[Result "1-0"]
[WhiteElo "2362"]
[BlackElo "2011"]
[TimeControl "180+1"]
[EndTime "11:30:43 PST"]
[Termination "CakeinSpace2002 won on time"]

1. d4 Nf6 2. c4 e5 3. e3 Nc6 4. Nf3 Bb4+ 5. Nc3 Qe7 6. Be2 d6 7. d5 Nb8 8. Bd2 O-O 9. O-O a5 10.
a3 Bxc3 11. Bxc3 Nbd7 12. b3 h6 13. Nd2 e4 14. Qc2 Re8 15. b4 a4 16. Bb2 Nf8 17. Nb1 Ng6 18. Nc3 Bd7 19. Rac1 Nh4 20. c5 Qe5 21. Qd1 Qg5 22. g3 Bh3 23. Re1 h5 24. Nb5 Ng4 25. Nxc7 Qf5 26. Rf1 Nf3+ 27. Bxf3 exf3 28.
Nxa8 Rxa8 29. Re1 Bg2 30. Qd4 f6 31. e4 Qg5 32. cxd6 Rd8 33. e5 Nxe5 34. Rxe5 fxe5 35. Qxe5 Qxe5 36. Bxe5 Bh3 37. Rc3 Rd7 38. Rxf3 Bg4 39.
Re3 Kf7 40. Kg2 g5 41. h3 Bf5 42. Rc3 g4 43. hxg4 hxg4 44. Kf1 Be4 45. Rc5 Kg6 46. Ke2 Kf5 47. Bf4 Bf3+ 48. Ke3 Rd8 49. Rc7 Re8+ 50. Kd4 Re4+ 51. Kd3 Be2+ 52. Kd2 Ba6 53. d7 Rd4+ 54. Kc3 Rxd5 55. Be3 Rd3+ 56. Kc2 Ke6 57. b5 Rxd7 58. Rxd7 Kxd7 59. bxa6 bxa6 60.
Kc3 Kc6 61. Kb4 1-0

[Event "*** Titled Tuesday Blitz"]
[Site "Chess.com"]
[Date "2021.02.09"]
[Round "8"]
[White "FontVella8"]
[Black "ukchessbomber"]
[Result "1-0"]
[WhiteElo "2578"]
[BlackElo "2426"]
[TimeControl "180+1"]
[EndTime "11:30:45 PST"]
[Termination "FontVella8 won by checkmate"]

1. e4 g6 2. d4 Bg7 3. Nc3 d5 4. e5 c5 5. Nf3 Nc6 6. Bb5 cxd4 7. Nxd4 Bd7 8. f4 e6 9. O-O Nge7 10. Be3 O-O 11.
Nf3 Nf5 12. Bf2 h5 13. Bd3 d4 14. Ne4 Ne3 15. Bxe3 dxe3 16. Qe2 Qb6 17. c3 Ne7 18. Nfg5 Nd5 19. Kh1 a6 20. g4 Bb5 21. Rad1 Qc6 22.
c4 Nb4 23. cxb5 axb5 24. Bxb5 Qb6 25. a3 Nd5 26. Bc4 Rfd8 27. gxh5 Ra4 28. hxg6 fxg6 29. Qc2 Raa8 30. Nd6 Qc6 31. Kg1 Qb6 32. Be2 Ne7 33. Nxe6 Rd7 34. Nxg7 Kxg7 35. Nc4 Qc7 36. Rxd7 Qxd7 37.
Nxe3 Qd4 38. Qd3 Qb6 39. Qe4 Nf5 40. Kf2 Rd8 41. Rd1 Rh8 42. Rd7+ Kf8 43. Qb4+ Qxb4 44.
axb4 Rxh2+ 45. Ng2 Nh4 46. Bf3 Nf5 47. Rxb7 Rh1 48.
b5 Rb1 49. b6 Rxb2+ 50. Kg1 Nd4 51. Bd5 Ne2+ 52. Kh1 Nc3 53. Be6 Ne2 54. Rf7+ Ke8 55. b7 Ng3+ 56. Kh2 Nf1+ 57. Kh3 Nd2 58. Rh7 Nf3 59.
Rh8+ Ke7 60. b8=Q Rxb8 61. Rxb8 Ng1+ 62. Kg4 Kxe6 63. Rb6+ Kf7 64. f5 Kg7 65. Rxg6+ Kf7 66. e6+ Ke7 67. Nf4 Ne2 68. Nxe2 Kd6 69. Nf4 Ke7 70. Kg5 Kd6 71. Kf6 Kc5 72. e7 Kd4 73. e8=Q Kc3 74. Ke5 Kd2 75. Kd4 Kc2 76. Kc4 Kb2 77.
Qe2+ Ka3 78. Qd2 Ka4 79. Ra6# 1-0

[Event "*** Titled Tuesday Blitz"]
[Site "Chess.com"]
[Date "2021.02.09"]
[Round "8"]
[White "VALPARAISO37"]
[Black "Chuchofrio1"]
[Result "1-0"]
[WhiteElo "2469"]
[BlackElo "2306"]
[TimeControl "180+1"]
[EndTime "11:30:49 PST"]
[Termination "VALPARAISO37 won by checkmate"]

1. d4 Nf6 2. c4 g6 3. Nc3 Bg7 4. e4 O-O 5. f3 d6 6. Be3 e5 7. d5 Nbd7 8. Bd3 b6 9. Nge2 Nh5 10. Qd2 f5 11. O-O-O a6 12. Kb1 b5 13. cxb5 axb5 14. Bxb5 Nb6 15. Bxb6 cxb6 16. Bc6 Rb8 17. Nb5 Bb7 18. Rc1 fxe4 19. fxe4 Rf2 20. Qe3 Qf6 21.
Bxb7 Rxb7 22. Rc8+ Bf8 23. g3 Rf1+ 24. Rxf1 Qxf1+ 25. Kc2 Rf7 26. Nxd6 Rf2 27. Kd2 Rf3 28. Qxb6 Qb1 29. Rxf8+ Rxf8 30. Qb3 Nf6 31. a4 Nxe4+ 32. Nxe4 Qxe4 33. d6+ Kh8 34. d7 Rd8 35. Qe6 Qb4+ 36. Kc1 Qc5+ 37. Nc3 Qf8 38. Qxe5+ Kg8 39. Qe6+ Qf7 40.
Qxf7+ Kxf7 41. b4 Rxd7 42. a5 Ke6 43. b5 Kd6 44. Ne4+ Kc7 45. b6+ Kb8 46. a6 Rd4 47. a7+ Ka8 48. Nc3 Rd6 49. Na4 Rd4 50. Nc3 Kb7 51.
Kc2 Rd6 52. Na4 Rd8 53. Kb3 Rc8 54. Kb4 Ka6 55. Kb3 h5 56. Kb4 g5 57. Kb3 Kb7 58.
Kb4 Ka6 59. Kb3 Kb7 60. Kb4 g4 61. Kb5 Ka8 62. Nc5 Re8 63. Ka6 Rb8 64. axb8=Q+ Kxb8 65. b7 Kc7 66. Ka7 Kc6 67. b8=Q Kxc5 68. Qf4 Kd5 69.
Qg5+ Kd4 70. Qxh5 Ke3 71. Qxg4 Kf2 72. Qh4 Kg1 73. g4 Kg2 74. g5 Kg1 75. g6 Kg2 76.
g7 Kh1 77. Qg5 Kxh2 78. g8=Q Kh3 79. Qh7# 1-0